 Dungeon Crawl Stone Soup version 0.24-a0-417-g1cce26a4d2 (webtiles) character file.

Game seed: 2513029988626003474

104 Ilgrip the Vandal (level 4, 0/32 HPs)
             Began as a Demonspawn Arcane Marksman on June 11, 2019.
             Killed from afar by an orc wizard (8 damage)
             ... with a puff of frost
             ... on level 2 of the Dungeon.
             The game lasted 00:01:33 (1359 turns).

Ilgrip the Vandal (Demonspawn Arcane Marksman)      Turns: 1359, Time: 00:01:34

Health: 0/32       AC:  2    Str: 10    XL:     4   Next: 52%
Magic:  5/5        EV: 12    Int: 15    God:
Gold:   139        SH:  0    Dex: 14    Spells: 4/5 levels left

rFire    . . .     SeeInvis .   a - +0 hunting sling
rCold    . . .     Gourm    .   (no shield)
rNeg     . . .     Faith    .   e - +0 robe
rPois    .         Spirit   .   (no helmet)
rElec    .         Reflect  .   (no cloak)
rCorr    .         Harm     .   (no gloves)
MR       .....                  (no boots)
Stlth    +.........             (no amulet)
HPRegen  0.10/turn              (no ring)
MPRegen  0.09/turn              (no ring)

@: no status effects
A: powered by pain 1
a: no special abilities


You were on level 2 of the Dungeon.
You were not hungry.

You visited 1 branch of the dungeon, and saw 2 of its levels.

You collected 139 gold pieces.

Inventory:

Hand Weapons
 a - a +0 hunting sling (weapon)
Missiles
 b - 47 stones
 j - 19 sling bullets (quivered)
Armour
 e - a +0 robe (worn)
Jewellery
 c - an uncursed ring of positive energy {unknown}
Scrolls
 g - a scroll of enchant weapon {unknown}
 h - a scroll of amnesia {unknown}
 i - 2 scrolls of teleportation {unknown}
 k - a scroll of identify {unknown}
Potions
 d - a potion of degeneration {unknown}
 m - a potion of agility {unknown}
Comestibles
 f - 6 rations
 l - 7 chunks of flesh


   Skills:
 + Level 1.6 Fighting
 + Level 3.8 Slings
 + Level 1.9 Dodging
 + Level 1.0 Spellcasting
 + Level 3.3 Hexes


You had 4 spell levels left.
You knew the following spells:

 Your Spells              Type           Power        Failure   Level  Hunger
a - Corona                Hex            ##.....      6%          1    ##.....

Your spell library contained the following spells:

 Spells                   Type           Power        Failure   Level  Hunger
 Slow                     Hex            ##......     10%         2    ###....
 Inner Flame              Hex/Fire       #.......     36%         3    ####...
 Portal Projectile        Hex/Tloc       #.....       36%         3    ####...
 Cause Fear               Hex            ##........   54%         4    #####..
 Leda's Liquefaction      Hex/Erth       #.........   77%         4    #####..


Dungeon Overview and Level Annotations

Branches:
Dungeon (2/15)

Altars:
Fedhas
The Shining One


Innate Abilities, Weirdness & Mutations

You sometimes gain a little power by taking damage.


Message History

Press: ? - help, Shift-Dir - straight line, f/p - orc wizard
Aim: an orc wizard, wielding a +0 dagger and wearing a +0 robe (moderately wounded, fast)
You shoot a sling bullet.
The sling bullet barely misses the orc wizard.
The sling bullet hits the orc.
The orc is lightly wounded.
The orc wizard hits you but does no damage.
Firing (i - inventory. (/) - cycle)
j - 20 sling bullets (quivered)
Press: ? - help, Shift-Dir - straight line, f/p - orc wizard
Aim: an orc wizard, wielding a +0 dagger and wearing a +0 robe (moderately wounded, fast)
You shoot a sling bullet.
The sling bullet hits the orc wizard but does no damage.
The orc wizard is moderately wounded.
The orc wizard gestures at you while chanting.
The puff of flame hits you!
The orc wizard hits you with a +0 dagger.
* * * LOW HITPOINT WARNING * * *
The orc wizard gestures at you while chanting.
The puff of frost hits you!
You die...

8..#####.##.##.............
......##.###.#....#...##..#
.........# #...#.##.## .#
..###.#### ##..#.##.# ..
..###.### #..#....# #
..#[....# #..####.#
8.#.#.#.## #..# ..
...........###..####.##..
..#.#.#.##.....>@.oo.((.(
........#######.##.#.##..
#...............# .#
#...>.########### .#
.^###.# .. #.# .# ## #...
.# # #.# # .#


You could see an orc wizard and an orc.

Vanquished Creatures
  Terence (D:2)
  A gnoll (D:1)
  An adder (D:2)
  A dart slug (D:1)
  2 leopard geckos (D:1)
  2 orcs (D:2)
  5 giant cockroaches
  6 goblins
  5 hobgoblins
  11 jackals
  5 kobolds
  A ball python (D:1)
  4 bats
  2 frilled lizards
  3 rats
50 creatures vanquished.

Notes
Turn   | Place    | Note
-------+----------+-------------------------------------------
     0 | D:1      | Ilgrip the Demonspawn Arcane Marksman began the quest for
                  | the Orb.
     0 | D:1      | Reached XP level 1. HP: 15/15 MP: 2/2
   132 | D:1      | Gained mutation: You sometimes gain a little power by
                  | taking damage. [demonic ancestry]
   132 | D:1      | Reached XP level 2. HP: 3/21 MP: 3/3
   645 | D:1      | Reached XP level 3. HP: 25/26 MP: 4/4
  1048 | D:2      | Found a glowing golden altar of the Shining One.
  1081 | D:2      | Noticed Terence
  1107 | D:2      | Killed Terence
  1107 | D:2      | Reached XP level 4. HP: 24/32 MP: 2/5
  1143 | D:2      | Found a blossoming altar of Fedhas.
  1359 | D:2      | Killed from afar by an orc wizard

Levels and vault maps discovered:
D:1:      saegor_arrival_simple_e, layout_loops_cross, minmay_misc_feat_chi,
          corexii_hall_statues_i
D:2:      layout_loops_ring, nicolae_overflow_crystal_walls,
          fedhas_ov_isle_minmay, chequers_decorated_corner, st_stairs_1,
          uniq_terence

Skill      XL: |  1  2  3 |
---------------+----------+-----
Slings         | 2 3 |  3.8
Fighting       | |  1.6
Dodging        | |  1.9
Spellcasting   | |  1.0
Hexes          | |  3.3

Action                   |  1- 3 |  4- 6 || total
-------------------------+-------+-------++-------
 Fire: Hunting sling     |   126 |    44 ||   170
 Cast: Corona            |     3 |       ||     3
  Eat: Chunk             |       |     1 ||     1
Armor: Robe              |     7 |     6 ||    13
Dodge: Dodged            |    59 |    16 ||    75

Table legend:
 A = Non-vault XP
 B = Vault XP
 C = Vault XP percentage of total XP
 D = Non-vault monster count
 E = Vault monster count
 F = Vault count percentage of total count
                 A         B        C        D         E       F
            +---------+---------+-------+---------+---------+-------
      Total |     110 |      39 |  26.2 |      47 |       3 |   6.0
            +---------+---------+-------+---------+---------+-------
        D:1 |      55 |       0 |   0.0 |      23 |       0 |   0.0
        D:2 |      55 |      39 |  41.5 |      24 |       3 |  11.1
            +---------+---------+-------+---------+---------+-------
